 Dungeon Sprint DCSS version 0.17-a0-1522-g6c5b4ba (webtiles) character file.

63 ztt the Covert (level 3, 1/16 HPs)
             Began as a Spriggan Enchanter on July 14, 2015.
             Was an Initiate of Dithmenos.
             Quit the game in the Dungeon (Sprint V: "Ziggurat Sprint").
             The game lasted 00:01:43 (100 turns).

ztt the Covert (Spriggan Enchanter)                  Turns: 100, Time: 00:01:43

Health: 1/16       AC:  3    Str:  4    XL:     3   Next: 89%
Magic:  8/9        EV: 19    Int: 29    God:    Dithmenos [......]
Gold:   0          SH:  0    Dex: 16    Spells: 1 memorised, 8 levels left

rFire  . . .     SeeInvis +     a - +1 dagger
rCold  . . .     Clarity  .     b - +1 robe
rNeg   . . .     SustAt   .     (shield restricted)
rPois  .         Gourm    .     (helmet restricted)
rElec  .         Spirit   .     (no cloak)
rCorr  .         Warding  .     (gloves unavailable)
rMut   .         NoTele   +     (boots unavailable)
MR     .....                    (no amulet)
Stlth  +++++.....               D - +6 ring of intelligence
                                C - +6 ring of intelligence

@: very quick, not resistant to hostile enchantments, quite stealthy
A: unfitting armour, see invisible, herbivore 3, speed 3, slow metabolism 2
a: Renounce Religion


You were in the Dungeon.
You worshipped Dithmenos.
Dithmenos was noncommittal.
You were not hungry.

You visited 1 branch

Inventory:

Hand weapons
 a - a +1 dagger (weapon)
 y - a +5 quick blade
Armour
 b - a +1 robe (worn)
 k - a +5 gold dragon armour
Jewellery
 A - a +6 ring of dexterity
 B - a +6 ring of dexterity
 C - a +6 ring of intelligence (left hand)
 D - a +6 ring of intelligence (right hand)
 E - a +6 ring of strength
 F - a +6 ring of strength
Magical devices
 G - a wand of disintegration (7)
 H - a wand of fire (5)
 I - a wand of cold (5)
 J - a wand of draining (5)
Scrolls
 j - 4 scrolls of blinking
 r - 4 scrolls of amnesia
 s - 3 scrolls of recharging
 t - 7 scrolls of fog
 u - a scroll of holy word
 v - 5 scrolls of identify
 w - 5 scrolls of remove curse
 x - 2 scrolls of fear
Potions
 e - 10 potions of curing
 f - 10 potions of heal wounds
 g - 6 potions of haste
 h - 7 potions of magic
 i - 3 potions of berserk rage
 l - 2 potions of brilliance
 m - 2 potions of invisibility
 n - 4 potions of resistance
 p - 5 potions of agility
 q - 5 potions of might
Books
 c - a book of Maledictions

   Spells                             Type                      Level
   a - Corona                         Hexes                        1
   b - Ensorcelled Hibernation        Hexes/Ice                    2
   c - Confuse                        Hexes                        3
   d - Tukima's Dance                 Hexes                        3
   e - Dazzling Spray                 Conjuration/Hexes            3
Comestibles
 d - 5 bread rations
 z - 42 fruits


   Skills:
 * Level 1.1 Short Blades
 + Level 3.8 Dodging
 * Level 10.5 Stealth
 + Level 3.6 Spellcasting
 + Level 8.5 Hexes


You had 8 spell levels left.
You knew the following spells:

 Your Spells              Type           Power        Failure   Level  Hunger
a - Corona                Hex            ######.      1%          1    None


Dungeon Overview and Level Annotations

Branches:
Dungeon (1/1)

Altars:
Ashenzari
Cheibriados
Dithmenos
Elyvilon
Fedhas
Gozag
Kikubaaqudgha
Makhleb
Nemelex Xobeh
Okawaru
Qazlal
Ru
Sif Muna
Trog
Vehumet
Xom
Yredelemnul
Zin
The Shining One
Beogh
Jiyva
Lugonu


Innate Abilities, Weirdness & Mutations

You are tiny and cannot use many weapons and most armour.
You have supernaturally acute eyesight.
You are a herbivore.
You cover ground extremely quickly.
You need consume almost no food.


Message History

The adder skeleton barely misses you.
The phantom blinks!
The phantom hits you but does no damage.
You hit the phantom but do no damage.
The phantom is lightly damaged.
The adder skeleton completely misses you.
The phantom blinks!
The phantom closely misses you.
You barely miss the phantom.
The phantom is lightly damaged.
The adder skeleton misses you. The phantom misses you.
The phantom blinks!
The adder skeleton bites you.
* * * LOW HITPOINT WARNING * * *
Unknown command.
Unknown command.
Casting: Corona
Confirm with . or Enter, or press ? or * to list all spells.
Okay, then.
Unknown command.
Memorise Confuse, consuming 3 spell levels and leaving 5?
Okay, then.
Are you sure you want to abandon this character and quit the game? (Confirm with "yes".)

▓▓▓▓▓▓▓▓▓▓▓▓▓
▓.8©8.▓.8©8.▓
▓.=Z=.▓.....▓
▓...@.▓.).).▓
▓...W.▓.....▓
▓.....▓.....▓
▓..W..▓.....▓
▓.....▓▓▓▓▓▓▓
▓▓▓▓▓▓▓


You could see 2 phantoms and an adder skeleton.

Vanquished Creatures
  2 orc priests (D)
2 creatures vanquished.

Notes
Turn   | Place    | Note
--------------------------------------------------------------
     0 | D        | ztt the Spriggan Enchanter began the quest for the Orb.
     0 | D        | Reached XP level 1. HP: 9/9 MP: 5/5
     5 | D        | Found a roughly hewn altar of Beogh.
     5 | D        | Found a corrupted altar of Lugonu.
     5 | D        | Found a viscous altar of Jiyva.
     5 | D        | Found a white marble altar of Elyvilon.
     5 | D        | Found a sparkling altar of Nemelex Xobeh.
     5 | D        | Found a burning altar of Makhleb.
     5 | D        | Found an iron altar of Okawaru.
     5 | D        | Found a deep blue altar of Sif Muna.
     5 | D        | Found a radiant altar of Vehumet.
     5 | D        | Found a bloodstained altar of Trog.
     5 | D        | Found a shimmering altar of Xom.
    43 | D        | Became a worshipper of Dithmenos the Shadowed
    44 | D        | Reached skill level 9 in Stealth
    44 | D        | Reached XP level 2. HP: 13/13 MP: 6/6
    56 | D        | Entered arena 1.
    56 | D        | Noticed an orc priest
    56 | D        | Noticed an orc priest
    59 | D        | Killed an orc priest
    59 | D        | Reached XP level 3. HP: 16/16 MP: 6/8
    60 | D        | Killed an orc priest
    60 | D        | Reached skill level 10 in Stealth
    89 | D        | Entered arena 2.
    89 | D        | Noticed a phantom
    89 | D        | Noticed a phantom
   100 | D        | Quit the game

Vault maps used:
D:        sprint_v

Action                   || total
-------------------------++-------
Melee: Dagger            ||     7
 Cast: Corona            ||     1
  Use: Potion            ||     1
 Stab: Sleeping          ||     2
